 Dungeon Crawl Stone Soup version 0.27.0-1-g7a08968 (webtiles) character file.

Game seed: 8174669377439341297

302033 catcat the Wrestler (level 20, -8/195 HPs)
             Began as a Troll Monk on May 18, 2022.
             Was the Champion of Wu Jian.
             Shot with a bolt by a yaktaur (23 damage)
             ... while paralysed by an air elemental
             ... on level 3 of the Vaults on May 20, 2022.
             The game lasted 02:56:52 (41165 turns).

catcat the Wrestler (Troll Monk)                   Turns: 41165, Time: 02:56:54

Health: -8/195     AC: 17    Str: 30    XL:     20   Next: 20%
Magic:  19/19      EV:  1    Int:  9    God:    Wu Jian [******]
Gold:   3107       SH:  0    Dex: 12    Spells: 19/19 levels left

rFire    + + .     SeeInvis +     - Unarmed
rCold    . . .     Faith    .   n - +1 tower shield {AC+3}
rNeg     . . .     Spirit   .   h - +0 fire dragon scales
rPois    .         Reflect  +   N - +1 hat {Int+3}
rElec    .         Harm     .   i - +2 cloak {Will+}
rCorr    .         Rampage  .   (gloves unavailable)
Will     ++...                  (boots unavailable)
Stlth    ..........             m - amulet of reflection
HPRegen  1.42/turn              W - ring of protection from cold
MPRegen  0.16/turn              v - ring of see invisible

@: paralysed, corroded
A: large, unfitting armour, claws 3, regeneration 1, shaggy fur 1, tough skin 1
}: 2/15 runes: serpentine, barnacled
a: Renounce Religion, Wall Jump, Serpent's Lash, Heavenly Storm


You were on level 3 of the Vaults.
You worshipped Wu Jian.
Wu Jian was exalted by your worship.
You visited 6 branches of the dungeon, and saw 34 of its levels.
You also visited: Ossuary.

You collected 4052 gold pieces.
You spent 945 gold pieces at shops.

Inventory:

Hand Weapons
 X - a +1 war axe of flaming
Missiles
 a - 46 large rocks
 g - 40 javelins (quivered)
 I - 36 silver javelins
 L - 5 throwing nets
 U - 9 datura-tipped darts
 V - 14 boomerangs of dispersal
Armour
 h - +0 fire dragon scales (worn)
 i - a +2 cloak of willpower (worn)
 n - a +1 tower shield of protection (worn)
 C - a +2 cloak of poison resistance
 N - a +1 hat of intelligence (worn)
Jewellery
 m - an amulet of reflection (around neck)
 v - a ring of see invisible (right claw)
 A - a ring of willpower
 D - a ring of willpower
 G - a ring of poison resistance
 K - the ring of the Hare {EV+8}
   (You found it on level 3 of the Shoals)

   [ring of evasion]

   EV:        It affects your evasion (+8).
 T - the ring "Zaq Cuso" {rCorr Str+4}
   (You found it on level 2 of the Snake Pit)

   [ring of resist corrosion]

   Str:       It affects your strength (+4).
   rCorr:     It protects you from acid and corrosion.
 W - a ring of protection from cold (left claw)
Wands
 c - a wand of digging (3)
 z - a wand of acid (3)
 B - a wand of iceblast (58)
Scrolls
 f - 3 scrolls of torment
 j - 7 scrolls of magic mapping
 t - a scroll of holy word
 u - 5 scrolls of immolation
 w - 6 scrolls of vulnerability
 y - 5 scrolls of blinking
 H - 2 scrolls of silence
 M - 13 scrolls of identify
 O - 6 scrolls of enchant armour
 P - 2 scrolls of fog
 Q - 5 scrolls of brand weapon
 R - 5 scrolls of teleportation
 Y - a scroll of summoning
 Z - a scroll of enchant weapon
Potions
 b - 7 potions of flight
 d - 7 potions of mutation
 e - 2 potions of heal wounds
 k - 4 potions of magic
 l - 3 potions of haste
 o - 3 potions of lignification
 p - 7 potions of might
 q - 3 potions of invisibility
 r - 6 potions of curing
 s - 3 potions of attraction
 x - 2 potions of cancellation
 E - 6 potions of ambrosia
 F - 3 potions of berserk rage {unknown}
 J - 3 potions of resistance
 S - 4 potions of brilliance


   Skills:
 * Level 11.1 Fighting
 - Level 7.0 Throwing
 - Level 10.0 Armour
 - Level 9.0 Dodging
 - Level 1.0 Stealth
 - Level 12.0 Shields
 + Level 25.0 Unarmed Combat


You had 19 spell levels left.
You didn't know any spells.
Your spell library contained the following spells:

 Spells                   Type           Power      Damage    Failure   Level
 Apportation              Tloc           0%         N/A       85%         1
 Pain                     Necr           0%         1d4       85%         1
 Blink                    Tloc           N/A        N/A       94%         2
 Corpse Rot               Necr/Air       N/A        N/A       94%         2
 Ensorcelled Hibernation  Hex/Ice        0%         N/A       94%         2
 Poisonous Vapours        Pois/Air       0%         N/A       94%         2
 Call Canine Familiar     Summ           0%         N/A       99%         3
 Conjure Flame            Conj/Fire      0%         6-21      99%         3
 Dazzling Flash           Conj/Hex       0%         N/A       99%         3
 Gell's Gravitas          Tloc           0%         N/A       99%         3
 Ignite Poison            Fire/Tmut/Pois 0%         N/A       99%         3
 Lesser Beckoning         Tloc           0%         N/A       99%         3
 Mephitic Cloud           Conj/Pois/Air  0%         N/A       99%         3
 Ozocubu's Armour         Ice            0%         N/A       99%         3
 Portal Projectile        Hex/Tloc       0%         N/A       99%         3
 Spider Form              Tmut/Pois      0%         N/A       99%         3
 Teleport Other           Tloc           0%         N/A       99%         3
 Hailstorm                Conj/Ice       0%         3d3       100%        4
 Ice Form                 Ice/Tmut       0%         N/A       100%        4
 Iskenderun's Mystic Bla  Conj/Tloc      0%         2d3       100%        4
 Leda's Liquefaction      Hex/Erth       0%         N/A       100%        4
 Sticky Flame             Conj/Fire      0%         2d3       100%        4
 Agony                    Necr           0%         N/A       100%        5
 Alistair's Intoxication  Tmut/Pois      0%         N/A       100%        5
 Excruciating Wounds      Necr           0%         N/A       100%        5
 Freezing Cloud           Conj/Ice/Air   0%         6-21      100%        5
 Iskenderun's Battlesphe  Conj           0%         2d6       100%        5
 Manifold Assault         Tloc           0%         N/A       100%        5
 Silence                  Hex/Air        0%         N/A       100%        5
 Summon Mana Viper        Hex/Summ       0%         N/A       100%        5
 Dispersal                Tloc           0%         N/A       100%        6
 Invisibility             Hex            0%         N/A       100%        6
 Iron Shot                Conj/Erth      0%         9d1       100%        6
 Shadow Creatures         Summ           N/A        N/A       100%        6
 Simulacrum               Ice/Necr       0%         N/A       100%        6
 Starburst                Conj/Fire      0%         8x6d3     100%        6
 Malign Gateway           Summ/Tloc      0%         N/A       100%        7
 Ozocubu's Refrigeration  Ice            0%         4d5       100%        7
 Spellforged Servitor     Conj/Summ      0%         N/A       100%        7
 Disjunction              Tloc           0%         N/A       100%        8
 Summon Horrible Things   Summ           0%         N/A       100%        8


Dungeon Overview and Level Annotations

Branches:
Dungeon (15/15)            Temple (0/1) D:4            Lair (6/6) D:11
 Shoals (4/4) Lair:3        Snake (4/4) Lair:3        Slime (0/5) Lair:5
    Orc (2/2) D:12            Elf (0/3) Orc:2        Vaults (3/5) D:13
  Crypt (0/3) Vaults:2     Depths (0/5) D:15        Ossuary (visited)

Altars:
Cheibriados
Dithmenos
Elyvilon
Fedhas
Gozag
Hepliaklqana
Kikubaaqudgha
Nemelex Xobeh
Ru
Sif Muna
Trog
Vehumet
Wu Jian
The Shining One
Beogh
Jiyva

Shops:
D:2 [   D:4 *   D:7 (   D:9 =   D:12 [   Orc:1 [=?*   Orc:2 ((!:   Shoals:1 !
Shoals:3 [   Snake:1 [   Snake:3 !   Vaults:2 !   Vaults:3 :

Portals:
Trove: D:12 (give 13 potions of heal wounds)

Annotations:
D:8 exclusion: oklob plant
D:11 exclusion: 3 oklob plants
Lair:2 exclusion: ice statue
Lair:6 exclusion: oklob plant
Snake:1 Roxanne
Vaults:1 3 runed translucent doors, Bailed's ghost, veteran MiMo
Vaults:3 Margery; Sojobo


Innate Abilities, Weirdness & Mutations

You are too large for most types of armour.
You have claws for hands.
Your natural rate of healing is unusually fast.
You are covered in fur. (AC +1)
You have tough skin. (AC +1)


Message History

You can move again.
The great orb of eyes gazes at you. You resist with almost no effort.
The tengu reaver points at you and mumbles some strange words.
The bolt of lightning hits you!!
The air elemental fires a burst of electricity at you.
The stunning burst hits you.
You suddenly lose the ability to move!
Sojobo waves her feathered arms in wide circles.
The air twists around and strikes you!
The air elemental hits you but does no damage.
You can move again.
Press: ? - help, v - describe, . - travel
Here: a tengu reaver, wielding a +2 long sword of holy wrath, wearing a +0 ring mail and wearing a +0 buckler The floor.
Unknown command.
A yaktaur comes into view.
The yaktaur shouts!
The air elemental fires a burst of electricity at you.
The stunning burst hits you.
You shrug off the repeated paralysis!
The air elemental fires a burst of electricity at you.
The stunning burst hits the air elemental.
The air elemental completely resists.
The stunning burst misses you. The air elemental hits you.
The yaktaur wields a +0 arbalest.
The yaktaur shoots a bolt.
You reflect the bolt off an invisible shield around you!
The bolt hits the yaktaur!!!
You block the air elemental's attack.
The air elemental fires a burst of electricity at you.
The stunning burst misses you.
The air elemental fires a burst of electricity at you.
The stunning burst hits the air elemental.
The air elemental completely resists.
The stunning burst misses you. Sojobo casts a spell at you.
The bolt of lightning hits the air elemental.
The air elemental completely resists.
The bolt of lightning hits you!!!
* * * LOW HITPOINT WARNING * * *
The air elemental fires a burst of electricity at you.
The stunning burst hits you.
You suddenly lose the ability to move!
* * * LOW HITPOINT WARNING * * *
The yaktaur shoots a bolt.
The bolt hits you!!
You die...

#p....p#
##################Q#######
#.......}.................
#.........................
#....####'####.......#####
#....# #...# #QG.E...#
#....###.).###.......#
#....#.......#EE.....#
#....#.......#@......#
#....#.......#.......#
#....###...###.......#
#....# #...# #.....[.#
###....#########.......#
..'....................#
..#...................c.
.##..................... .
#######'#######


You could see Sojobo (repels missiles), a tengu reaver, a great orb of eyes, a
yaktaur and 3 air elementals.

Vanquished Creatures
  Saint Roka (Snake:4)
  A kraken (Shoals:4)
  Polyphemus (Shoals:2)
  3 sphinxes
  Donald (Snake:1)
  7 nagarajas
  A fire giant (D:15)
  Aizul (Snake:1)
  Louise (D:14)
  8 vault wardens
  7 ironbound preservers
  4 very ugly things
  A war gargoyle (Vaults:3)
  The ghost of Poplumon the Severer, a journeyman MiBe of Trog (D:14)
  A deep elf demonologist (Vaults:1)
  A dire elephant (Vaults:1)
  A deep elf annihilator (Vaults:2)
  An entropy weaver (Vaults:1)
  10 merfolk javelineers
  2 ettins (D:15)
  5 merfolk impalers
  2 fire dragons (D:15)
  5 ironbound thunderhulks
  5 yaktaur captains
  10 naga warriors
  A peacekeeper (Vaults:3)
  2 ice dragons
  A rakshasa (D:15)
  6 boulder beetles
  11 hydras
  2 alligator snapping turtles
  4 vault guards (Vaults:1)
  2 merfolk avatars
  Erolcha (D:9)
  2 great orbs of eyes
  6 ogre magi
  22 centaur warriors
  4 ironbound frosthearts (Vaults:1)
  A salamander tyrant (Snake:3)
  4 catoblepae
  3 merfolk aquamancers
  10 anacondas
  6 two-headed ogres
  2 death knights (Vaults:2)
  12 death yaks
  A deep troll earth mage (D:15)
  2 satyrs (Shoals:4)
  A tengu warrior (D:15)
  9 naga sharpshooters
  An orc high priest (Orc:1)
  2 ironbound beastmasters (Vaults:1)
  2 shock serpents
  Urug (Orc:1)
  10 skeletal warriors
  5 salamander mystics
  2 shadow wraiths
  18 deep trolls
  A glowing orange brain (Vaults:2)
  3 naga ritualists
  20 sea snakes
  6 wizards
  A lindwurm (Vaults:1)
  37 harpies
  Pikel (D:7)
  A phantasmal warrior (D:15)
  9 orc knights
  A necromancer (Vaults:1)
  9 deep elf pyromancers
  An orb spider (shapeshifter) (D:13)
  5 wolf spiders (D:15)
  3 orc sorcerers (Orc:1)
  11 ironbound convokers
  11 mana vipers
  10 cyclopes
  10 ugly things
  13 salamanders
  12 fauns
  5 merfolk sirens
  A moth of wrath (shapeshifter) (D:15)
  12 manticores
  4 water nymphs
  11 guardian serpents
  A guardian serpent (shapeshifter) (D:13)
  5 vault sentinels
  33 black mambas
  7 elephants
  A gargoyle (D:14)
  16 naga magi
  A torpor snail (Lair:6)
  An unseen horror (D:8)
  2 efreet
  A freezing wraith (D:15)
  13 cane toads
  3 rime drakes
  2 kobold demonologists
  21 yaktaurs
  8 komodo dragons
  6 trolls
  A tengu conjurer (D:10)
  8 polar bears
  23 blink frogs
  26 merfolk
  2 hornets
  A wolf spider simulacrum (D:15)
  12 snapping turtles
  4 dream sheep
  11 wind drakes
  22 slime creatures
  A raiju (shapeshifter) (D:15)
  A centaur simulacrum (D:15)
  Sigmund (D:5)
  A vampire (D:13)
  6 water elementals
  5 wraiths
  6 wyverns
  34 yaks
  6 basilisks
  A human (shapeshifter) (D:15)
  10 vampire mosquitoes
  3 steam dragons
  A hog (shapeshifter) (D:15)
  Menkaure (D:6)
  Edmund (D:5)
  4 wargs
  40 nagas
  22 water moccasins
  Duvessa (D:4)
  42 orc warriors
  7 ice beasts
  2 black bears
  9 ogres
  A sky beast (D:6)
  15 wolves
  5 boggarts (Vaults:2)
  24 centaurs
  A phantom (D:4)
  An elf zombie (Ossuary)
  Blork the orc (D:5)
  2 gnoll sergeants
  13 bullfrogs
  4 scorpions
  2 water moccasin skeletons
  Dowan (D:4)
  14 wights
  4 howler monkeys
  A gnoll shaman (D:8)
  2 centaur zombies
  A human zombie (Ossuary)
  15 orc priests
  Crazy Yiuf (D:7)
  4 hounds
  2 jellies
  A centaur skeleton (D:6)
  2 iguanas
  15 orc wizards
  A statue (D:8)
  A hound zombie (D:5)
  A hound skeleton (D:4)
  4 mummies (Ossuary)
  A howler monkey zombie (D:7)
  18 gnolls
  7 adders
  A shadow imp (D:6)
  A white imp (Lair:2)
  2 adder skeletons
  A worm (D:2)
  3 dart slugs
  87 orcs
  6 endoplasms
  5 giant cockroaches
  5 hobgoblins
  11 jackals
  3 quokkas
  2 ball pythons
  5 bats
  5 frilled lizards
  6 goblins
  2 hobgoblin zombies (Ossuary)
  A jackal zombie (Ossuary)
  7 kobolds
  5 kobold zombies (Ossuary)
  An orc zombie (Ossuary)
  9 rats
  A rat zombie (Ossuary)
  4 tentacles (Shoals:4)
1209 creatures vanquished.

Vanquished Creatures (collateral kills)
  A deep troll earth mage (D:15)
  A black mamba (shapeshifter) (D:15)
2 creatures vanquished.

Vanquished Creatures (others)
  5 manticores
  41 fungi
  114 plants
  2 tentacles (Shoals:4)
162 creatures vanquished.

Grand Total: 1373 creatures vanquished

Notes
Turn   | Place    | Note
-------+----------+-------------------------------------------
     0 | D:1      | catcat the Troll Monk began the quest for the Orb.
     0 | D:1      | Reached XP level 1. HP: 22/22 MP: 0/0
    99 | D:1      | Reached XP level 2. HP: 27/29 MP: 1/1
   176 | D:1      | Found a faded altar of an unknown god.
   816 | D:2      | Reached XP level 3. HP: 36/36 MP: 2/2
   904 | D:2      | Reached skill level 4 in Unarmed Combat
  1060 | D:2      | Identified 2 scrolls of acquirement
  1060 | D:2      | Acquired a +2 cloak of willpower
  1067 | D:2      | Acquired +0 fire dragon scales
  1111 | D:2      | Reached XP level 4. HP: 34/44 MP: 3/3
  1206 | D:2      | Found an ornate altar of the Wu Jian Council.
  1227 | D:2      | Became a worshipper of the Wu Jian Council
  1227 | D:2      | Reached * piety under Wu Jian
  1227 | D:2      | Reached ** piety under Wu Jian
  1326 | D:2      | Found Seappeop's Armour Shoppe.
  1658 | D:3      | Reached skill level 5 in Unarmed Combat
  1711 | D:3      | Noticed a scorpion
  1716 | D:3      | Killed a scorpion
  1717 | D:3      | Reached XP level 5. HP: 52/52 MP: 4/4
  2007 | D:3      | Reached skill level 6 in Unarmed Combat
  2443 | D:4      | Reached XP level 6. HP: 59/59 MP: 5/5
  2508 | D:4      | Found Gozag's Platinum Reserve.
  2537 | D:4      | Found an opulent altar of Gozag.
  2624 | D:4      | Found a staircase to the Ecumenical Temple.
  2645 | D:4      | Reached *** piety under Wu Jian
  2651 | D:4      | Reached skill level 1 in Armour
  2663 | D:4      | Reached skill level 7 in Unarmed Combat
  2773 | D:4      | Found a sand-covered staircase.
  2782 | Ossuary  | Entered an ossuary
  2810 | Ossuary  | Reached XP level 7. HP: 66/66 MP: 6/6
  3101 | D:4      | Noticed Dowan
  3102 | D:4      | Noticed Duvessa
  3106 | D:4      | Killed Dowan
  3292 | D:4      | Killed Duvessa
  3293 | D:4      | Reached skill level 8 in Unarmed Combat
  3395 | D:4      | Found a glowing golden altar of the Shining One.
  3522 | D:5      | Entered Level 5 of the Dungeon
  3568 | D:5      | Noticed Sigmund
  3577 | D:5      | Killed Sigmund
  3607 | D:5      | Reached XP level 8. HP: 75/78 MP: 7/7
  3675 | D:5      | Found a bloodstained altar of Trog.
  3689 | D:5      | Noticed Blork the orc
  3700 | D:5      | Killed Blork the orc
  3734 | D:5      | Noticed Edmund
  3740 | D:5      | Killed Edmund
  3741 | D:5      | Reached skill level 9 in Unarmed Combat
  3818 | D:5      | Found a white marble altar of Elyvilon.
  4295 | D:2      | Bought a +0 kite shield for 45 gold pieces
  4372 | D:6      | Noticed Menkaure
  4375 | D:6      | Killed Menkaure
  4375 | D:6      | Reached **** piety under Wu Jian
  4427 | D:6      | Reached skill level 10 in Unarmed Combat
  4510 | D:6      | Reached skill level 1 in Shields
  4907 | D:6      | Reached XP level 9. HP: 84/84 MP: 8/8
  5020 | D:6      | Found an ancient bone altar of Kikubaaqudgha.
  5158 | D:7      | Noticed Pikel
  5355 | D:7      | Found Ycanet's Weapon Shop.
  5405 | D:7      | Reached skill level 11 in Unarmed Combat
  5520 | D:7      | Killed Pikel
  5960 | D:7      | Found a runed translucent door.
  5961 | D:7      | Noticed Crazy Yiuf
  6051 | D:7      | Killed Crazy Yiuf
  6386 | D:7      | Reached skill level 12 in Unarmed Combat
  6398 | D:7      | Reached skill level 5 in Fighting
  6502 | D:7      | Found a sacrificial altar of Ru.
  6682 | D:8      | Reached skill level 1 in Throwing
  6685 | D:8      | Reached XP level 10. HP: 92/96 MP: 9/9
  6749 | D:8      | Noticed a deep elf pyromancer
  6773 | D:8      | Killed a deep elf pyromancer
  6989 | D:8      | Found a blossoming altar of Fedhas.
  7009 | D:8      | Noticed an oklob plant
  7134 | D:8      | Reached skill level 13 in Unarmed Combat
  7399 | D:8      | Found a hazy altar of Hepliaklqana.
  7409 | D:8      | Noticed a five-headed hydra
  7605 | D:8      | Killed a five-headed hydra
  7850 | D:8      | Found a radiant altar of Vehumet.
  8163 | D:9      | Found Lucuenn's Jewellery Shop.
  8424 | D:9      | Noticed Erolcha
  8432 | D:9      | Killed Erolcha
  8433 | D:9      | Reached skill level 5 in Shields
  8433 | D:9      | Reached XP level 11. HP: 102/102 MP: 10/10
  8688 | D:9      | Reached skill level 14 in Unarmed Combat
  8893 | D:10     | Entered Level 10 of the Dungeon
  8911 | D:10     | Noticed a deep elf pyromancer
  8921 | D:10     | Killed a deep elf pyromancer
  9044 | D:10     | Found a sparkling altar of Nemelex Xobeh.
  9226 | D:10     | Reached ***** piety under Wu Jian
  9357 | D:10     | Found an ornate altar of the Wu Jian Council.
  9883 | D:11     | Noticed an oklob plant
  9884 | D:11     | Found a staircase to the Lair.
  9940 | D:11     | Noticed a boulder beetle
  9963 | D:11     | Noticed an oklob plant
  9963 | D:11     | You fall into a shaft and drop 2 floors!
 10119 | D:13     | Noticed an orb spider
 10127 | D:13     | Killed an orb spider
 10231 | D:12     | Found a portal to a secret trove of treasure.
 10250 | D:12     | Noticed a deep elf pyromancer
 10260 | D:12     | Killed a deep elf pyromancer
 10261 | D:12     | Reached skill level 15 in Unarmed Combat
 10355 | D:9      | Killed a boulder beetle
 10489 | D:11     | Noticed a two-headed ogre
 10500 | D:11     | Killed a two-headed ogre
 10613 | D:11     | Noticed a sun demon
 10713 | D:11     | Noticed an oklob plant
 11087 | D:12     | Noticed a two-headed ogre
 11096 | D:12     | Killed a two-headed ogre
 11160 | D:12     | Found a staircase to the Orcish Mines.
 11163 | D:12     | Found Bisy's Armour Shop.
 11285 | D:12     | Noticed a four-headed hydra
 11299 | D:12     | Killed a four-headed hydra
 11300 | D:12     | Reached XP level 12. HP: 70/113 MP: 5/11
 11877 | Lair:1   | Entered Level 1 of the Lair of Beasts
 11883 | Lair:1   | Reached skill level 16 in Unarmed Combat
 12944 | Lair:2   | Noticed an ice dragon
 12962 | Lair:2   | HP: 1/114 [white imp/puff of frost (9)]
 12964 | Lair:2   | Killed an ice dragon
 13161 | Lair:2   | Acquired a +0 tower shield of protection
 13199 | Lair:2   | Reached skill level 17 in Unarmed Combat
 13408 | Lair:2   | Noticed a four-headed hydra
 13415 | Lair:2   | Killed a four-headed hydra
 13450 | Lair:2   | Noticed a five-headed hydra
 13460 | Lair:2   | Killed a five-headed hydra
 13954 | Lair:3   | Found a staircase to the Shoals.
 14192 | Lair:3   | Found a staircase to the Snake Pit.
 14267 | Lair:3   | Reached XP level 13. HP: 123/123 MP: 12/12
 15760 | Lair:5   | Reached skill level 18 in Unarmed Combat
 15941 | Lair:5   | Found a staircase to the Slime Pits.
 15941 | Lair:5   | Found a viscous altar of Jiyva.
 16121 | Lair:6   | Entered Level 6 of the Lair of Beasts
 16130 | Lair:6   | Reached skill level 5 in Throwing
 16147 | Lair:6   | Reached ****** piety under Wu Jian
 16800 | Lair:6   | Reached skill level 19 in Unarmed Combat
 16800 | Lair:6   | Reached XP level 14. HP: 80/133 MP: 6/13
 17484 | Lair:6   | Found the +8 trident of the Octopus King {venom, rElec
                  | rPois Will+}
 17830 | Orc:1    | Entered Level 1 of the Orcish Mines
 17999 | Orc:1    | Found Viumam's General Store.
 18048 | Orc:1    | Reached skill level 5 in Dodging
 18104 | Orc:1    | Found Moemecweh's Jewellery Shop.
 18184 | Orc:1    | Found Yble's Magic Scroll Shoppe.
 18956 | Orc:2    | Entered Level 2 of the Orcish Mines
 18961 | Orc:2    | Found a staircase to the Elven Halls.
 19106 | Orc:1    | Bought an amulet of reflection for 450 gold pieces
 19193 | Orc:1    | Reached skill level 20 in Unarmed Combat
 19535 | Orc:1    | Reached skill level 5 in Armour
 19891 | Orc:2    | Found Jaesok's Distillery.
 19891 | Orc:2    | Found Monomuk's Antique Weapon Boutique.
 19893 | Orc:2    | Found Doip's Weapon Shop.
 19895 | Orc:2    | Found Haosor's Book Shoppe.
 20274 | Orc:1    | Found Fofazene's Armour Emporium.
 20274 | Orc:1    | Noticed Urug
 20281 | Orc:1    | Killed Urug
 20418 | Shoals:1 | Entered Level 1 of the Shoals
 20504 | Shoals:1 | Found Sixtiw's Distillery.
 20583 | Shoals:1 | HP: 6/136 [water nymph/the raging water (23)]
 20934 | Shoals:1 | Reached XP level 15. HP: 145/145 MP: 14/14
 21899 | Shoals:3 | Noticed Polyphemus
 22110 | Shoals:2 | Reached skill level 21 in Unarmed Combat
 22331 | Shoals:2 | Killed Polyphemus
 23002 | Shoals:3 | Found Fujogott's Armour Emporium.
 23170 | Shoals:2 | HP: 5/146 [harpy (6)]
 23173 | Shoals:2 | HP: 2/146 [harpy (8)]
 23505 | Shoals:3 | Found the ring of the Hare {EV+8}
 23640 | Shoals:4 | Entered Level 4 of the Shoals
 23940 | Snake:1  | Entered Level 1 of the Snake Pit
 24147 | D:9      | Bought a ring of poison resistance for 260 gold pieces
 24449 | Snake:1  | Found Jeann's Armour Shoppe.
 24698 | Snake:1  | Reached XP level 16. HP: 153/156 MP: 15/15
 24800 | Snake:1  | Noticed Roxanne
 25001 | Snake:1  | Noticed Donald
 25008 | Snake:1  | Killed Donald
 25247 | Snake:1  | Noticed Aizul
 25256 | Snake:1  | Killed Aizul
 25257 | Snake:1  | Reached skill level 22 in Unarmed Combat
 26123 | Snake:2  | Identified the ring "Zaq Cuso" {rCorr Str+4}
 26293 | Snake:2  | Identified the +6 broad axe "Vealutusch" {vorpal, rF+ rN+
                  | Str+3}
 27629 | Snake:3  | Found Forch's Distillery.
 28146 | Snake:3  | Reached skill level 10 in Shields
 28390 | Snake:4  | Entered Level 4 of the Snake Pit
 28845 | Snake:4  | Found a shadowy altar of Dithmenos.
 28992 | Snake:4  | Noticed Saint Roka
 29008 | Snake:4  | Killed Saint Roka
 29009 | Snake:4  | HP: 2/156 [warg[Saint Roka] (8)]
 29426 | Snake:4  | Reached XP level 17. HP: 151/162 MP: 16/16
 30745 | Snake:4  | Got a serpentine rune of Zot
 31541 | Shoals:3 | Reached skill level 10 in Fighting
 32523 | Shoals:4 | Got a barnacled rune of Zot
 32804 | Shoals:4 | Got the Volume of Displaced Air
 32852 | Shoals:4 | Reached skill level 23 in Unarmed Combat
 33368 | Shoals:4 | Reached XP level 18. HP: 174/174 MP: 17/17
 33760 | Shoals:4 | Got Sif Muna's Guide on Supportive Conjuration
 34593 | D:13     | Identified the +0 leather armour of Joah {Harm}
 34782 | D:13     | Reached skill level 10 in Armour
 34788 | D:13     | Found a gate to the Vaults.
 35091 | D:14     | Noticed Louise
 35110 | D:14     | Killed Louise
 35358 | D:14     | Found a runed translucent door.
 35358 | D:14     | Noticed Poplumon's ghost (journeyman MiBe)
 35366 | D:14     | Killed Poplumon's ghost
 35368 | D:14     | Identified the ring of Doiq {Fire rCorr Str+2 Int+7 Dex-3}
 35642 | D:15     | Entered Level 15 of the Dungeon
 35907 | D:15     | Found a sparkling altar of Nemelex Xobeh.
 35907 | D:15     | Found a shimmering blue altar of Sif Muna.
 35909 | D:15     | Found a snail-covered altar of Cheibriados.
 36036 | D:15     | Found a staircase to the Depths.
 37269 | D:15     | Reached XP level 19. HP: 171/182 MP: 18/18
 37379 | D:15     | Reached skill level 24 in Unarmed Combat
 37678 | Vaults:1 | Entered Level 1 of the Vaults
 38099 | Vaults:1 | Noticed a Tzitzimitl
 38101 | Vaults:1 | HP: 1/182 [poisoned by a green very ugly thing]
 38451 | Vaults:1 | Found a runed translucent gate.
 38452 | Vaults:1 | Found a runed translucent gate.
 38453 | Vaults:1 | Found a runed translucent gate.
 38455 | Vaults:1 | Noticed Bailed's ghost (veteran MiMo)
 39906 | Vaults:2 | Found Faxeuvic's Distillery.
 39915 | Vaults:2 | Bought a potion of heal wounds for 95 gold pieces
 39915 | Vaults:2 | Bought a potion of heal wounds for 95 gold pieces
 40328 | Vaults:2 | Reached XP level 20. HP: 162/195 MP: 19/19
 40398 | Vaults:2 | Found a staircase to the Crypt.
 40745 | Vaults:2 | Acquired a +2 cloak of poison resistance
 41046 | Vaults:3 | Reached skill level 25 in Unarmed Combat
 41155 | Vaults:3 | Noticed Sojobo
 41157 | Vaults:3 | Found Boppig Hick's Book Emporium.
 41159 | Vaults:3 | Paralysed by an air elemental for 1 turns
 41159 | Vaults:3 | Noticed Margery
 41163 | Vaults:3 | Paralysed by an air elemental for 1 turns
 41165 | Vaults:3 | Paralysed by an air elemental for 1 turns
 41165 | Vaults:3 | Shot with a bolt by a yaktaur

Illustrated notes

Levels and vault maps discovered:
D:1:      erik_arrival_cave_to_civilisation [erik_arrival_cave_to_hall],
          layout_basic, ebering_ecumenical_altar_webs
D:2:      layout_loops_corners, serial_shops, shop_statue, basic_altar
D:3:      layout_basic
D:4:      layout_loops_ring, nicolae_tso_swordbearing_angel,
          nicolae_gozag_zags_fifth_avenue, minmay_temple_entry_mini_moons,
          lightli_ossuary_entry_decrepit_ruins, dk_noncrumbling_3, minivault_24,
          minivault_11, uniq_duvessa
D:5:      layout_loops_ring, elyvilon_altar_3, trog_three_pillars_becter,
          uniq_edmund, uniq_sigmund, uniq_blork_the_orc
D:6:      minmay_general_purpose_star, layout_basic,
          mainiacjoe_overflow_alcove_2, uniq_menkaure
D:7:      statuecave_lemuel, layout_layer_cave, nicolae_ru_the_path_less_chosen,
          serial_shops, shop, uniq_pikel, uniq_crazy_yiuf_cottage
D:8:      minmay_recursive_quarters, layout_basic,
          mainiacjoe_overflow_tiny_flanked, vehumet_statue, tgw_fedhas,
          serial_curves, eino_curves_04, eino_curves_03, minmay_misc_feat_tower,
          st_stairs_10
D:9:      layout_loops_cross, serial_shops, nicolae_shop_window_shopping,
          serial_aquarium, aquarium_bridge_square [aquarium_subvault_balcony,
          aquarium_subvault_balcony, aquarium_subvault_bridge,
          aquarium_subvault_window], aquarium_bridge_long_separate
          [aquarium_subvault_bridge, aquarium_subvault_wall,
          aquarium_subvault_wall, aquarium_subvault_wall,
          aquarium_subvault_bridge, aquarium_subvault_bridge],
          aquarium_window_fake, aquarium_window_2, aquarium_window_3,
          aquarium_window_fake, aquarium_view_2b, aquarium_view_2d, uniq_erolcha
D:10:     layout_small_grid, pdpol_wu_jian_five_deadly_venoms,
          mainiacjoe_overflow_six_doors_small, minivault_20, feat_on_display
D:11:     layout_stronghold, dpeg_oklobed_lair
D:12:     layout_irregular_city, orc_david_3, enter_trove_2
D:13:     layout_rooms, skrybe_vaults_entry_preservation
D:14:     layout_grid_maze, gammafunk_ghost_grave, grunt_decor_arrowhead,
          minmay_microvault, uniq_louise
D:15:     hangedman_slaughterboxes
Lair:1:   layout_hall_layers, lemuel_fruit_tree, grunt_megastairs_5
Lair:2:   layout_cave_pods, ice2_lemuel
Lair:3:   layout_concentric_octagons, minmay_shoals_entry_beasts,
          minmay_snake_entry_guardpost_small, nicolae_lair_grove_arrangements
Lair:4:   layout_misc_corridors
Lair:5:   layout_gridlike, slime_altar_1
Lair:6:   gammafunk_lair_ancient_temple, layout_small_grid,
          grunt_forest_small_clearings
Shoals:1: layout_shoals, serial_shops, shop, uniq_josephine
Shoals:2: layout_shoals
Shoals:3: layout_shoals, serial_shops, nicolae_shop_trees, uniq_polyphemus
Shoals:4: shoals_end_simple, layout_shoals, nicolae_shoals_arrival_archipelago
Snake:1:  layout_chambers, serial_shops, nicolae_shop_waterfront, uniq_roxanne,
          uniq_donald, uniq_aizul
Snake:2:  layout_layer_cave, special_room, nrook_guardian_serpent_double
Snake:3:  layout_misc_corridors, nicolae_stop_n_shop_1
Snake:4:  grunt_snake_rune_pools, layout_cave_town, basic_altar,
          grunt_megastairs_2, uniq_saint_roka
Orc:1:    layout_diamond_mine, serial_shops, nicolae_lakefront_shop, shop,
          nicolae_shop_trees, shop, uniq_urug
Orc:2:    st_orc_rangers, layout_caves, minmay_orc_temple_b
Vaults:1: gammafunk_vaults_ghost_split, nicolae_vaults_asterisk,
          hangedman_vaults_stretched_pinwheel, hangedman_vaults_impose,
          st_diamondy, hangedman_vaults_maws, hangedman_vaults_corner_blocks,
          vaults_room_large_hall, v_misc_33, hangedman_vaults_capsules,
          vaults_standard_mumra_x, vaults_room_door_ring, vaults_room_pool,
          nicolae_vaults_three_branches, dpeg_vaults_monster_box,
          layout_vaults_maze_snakey
Vaults:2: vaults_mumra_lcd, ontoclasm_vaults_gallery, blue_anna_dwarven_crypt,
          v_misc_10, grunt_vaults_twisty, v_misc_10, ontoclasm_vaults_chip,
          nicolae_vaults_border_crossing, layout_vaults_quadrants, serial_shops,
          nicolae_square_shop
Vaults:3: ontoclasm_vaults_misaligned, vaults_room_boxed, v_misc_14,
          nicolae_vaults_back_hallway, vaults_room_corners,
          hangedman_vaults_stagger, vaults_room_stairs_pillars,
          nicolae_vaults_alarming, nicolae_vaults_theta,
          vaults_dpeg_encased_lava, grunt_vaults_hallway_short,
          vaults_room_fours, layout_vaults_omnicross, serial_shops,
          nicolae_diamond_shop, uniq_sojobo, uniq_margery

Skill      XL: |  1  2  3  4  5  6  7  8  9 10 11 12 13 14 15 16 17 18 19 20 |
---------------+-------------------------------------------------------------+-----
Unarmed Combat | 4 5 6 7 8 10 12 13 15 17 19 20 21 22 23 24 25 | 25.0
Armour         | 2 3 4 5 8 9 10 | 10.0
Fighting       | 3 4 5 6 7 8 9 10 11 | 11.1
Dodging        | 3 4 5 7 9 |  9.0
Shields        | 1 3 5 6 7 10 11 12 | 12.0
Throwing       | 1 2 3 4 5 7 |  7.0
Stealth        | |  1.0

Action                   |  1- 3 |  4- 6 |  7- 9 | 10-12 | 13-15 | 16-18 | 19-21 || total
-------------------------+-------+-------+-------+-------+-------+-------+-------++-------
Melee: Unarmed           |   107 |   160 |   267 |   578 |  1237 |  1415 |   638 ||  4402
       Punch             |       |     4 |     4 |       |       |       |       ||     8
       Whip              |       |       |       |    31 |       |       |       ||    31
       War axe           |       |       |       |       |     6 |    19 |    14 ||    39
Throw: Boomerang         |       |       |    22 |    13 |    65 |     9 |       ||   109
       Large rock        |       |       |       |     8 |    44 |    41 |     9 ||   102
       Javelin           |       |       |       |       |       |     3 |     5 ||     8
Invok: Whirlwind         |       |    44 |    13 |    84 |   310 |   143 |    48 ||   642
       Lunge             |       |     6 |    15 |    38 |    86 |   135 |    26 ||   306
       Serpent's Lash    |       |       |       |     1 |     2 |     1 |       ||     4
       Heavenly Storm    |       |       |       |       |       |       |     2 ||     2
Evoke: Wand              |       |       |       |     2 |       |       |       ||     2
  Use: Scroll            |     4 |       |    11 |    12 |     9 |    10 |     5 ||    51
       Potion            |       |       |     2 |     2 |     4 |     4 |     8 ||    20
 Stab: Sleeping          |     5 |       |       |       |       |       |       ||     5
       Petrified         |       |       |       |       |     8 |       |       ||     8
Armor: Robe              |    29 |       |       |       |       |       |       ||    29
       Fire dragon scale |     8 |    70 |   132 |   255 |   519 |   333 |   116 ||  1433
       Skin              |       |       |       |       |       |     3 |       ||     3
Dodge: Dodged            |    51 |    43 |    81 |   124 |   215 |   209 |    89 ||   812
Block: Kite shield       |       |       |    68 |   257 |       |       |       ||   325
       Tower shield      |       |       |       |    51 |  1315 |  1404 |   518 ||  3288
       Reflection        |       |       |       |       |   120 |   206 |    39 ||   365
